 Dungeon Crawl Stone Soup version 0.26-a0-854-gdc81c2f471 (webtiles) character file.

Game seed: 12460758772967547029

681 Pooter the Bolt Thrower (level 7, -14/56 HPs)
             Began as a Gnoll Wanderer on Nov 23, 2020.
             Blown up by Pikel (23 damage)
             ... with a disintegration bolt
             ... on level 3 of the Dungeon.
             The game lasted 00:35:12 (3665 turns).

Pooter the Bolt Thrower (Gnoll Wanderer)            Turns: 3665, Time: 00:35:13

Health: -14/56     AC:  8    Str: 21    XL:     7   Next: 61%
Magic:  10/10      EV: 13    Int: 11    God:
Gold:   213        SH:  0    Dex: 13    Spells: 11/11 levels left

rFire    . . .     SeeInvis .   n - +0 whip (elec)
rCold    . . .     Faith    .   (no shield)
rNeg     . . .     Spirit   .   k - +0 ring mail
rPois    +         Reflect  .   p - +0 helmet
rElec    .         Harm     .   b - +0 cloak
rCorr    .         Rampage  .   s - +0 pair of gloves
MR       .....     Rnd*Tele +   (no boots)
Stlth    +.........             (no amulet)
HPRegen  0.18/turn              D - ring of teleportation (curse)
MPRegen  0.12/turn              P - ring of poison resistance

@: no status effects
A: distributed training, fangs 1, strong nose
a: no special abilities


You were on level 3 of the Dungeon.
You visited 1 branch of the dungeon, and saw 4 of its levels.
You also visited: Sewer.

You collected 213 gold pieces.

Inventory:

Hand Weapons
 a - a +2 hand crossbow
 h - a +0 club
   (You took it off a hobgoblin on level 1 of the Dungeon)
 m - a +0 dagger
   (You took it off a kobold on level 1 of the Dungeon)
 n - a +0 whip of electrocution (weapon)
   (You took it off a kobold on level 1 of the Dungeon)
 o - a +0 hunting sling
   (You found it on level 1 of the Dungeon)
 v - a +0 halberd
   (You took it off a gnoll on level 3 of the Dungeon)
 E - a +3 whip
   (You took it off a kobold on level 3 of the Dungeon)
Missiles
 l - 2 bolts
 C - 15 poisoned darts
 F - 2 silver javelins (quivered)
 G - 15 sling bullets
 H - 5 curare-tipped darts
 Q - 83 stones
Armour
 b - a +0 cloak (worn)
   (You found it on level 1 of the Dungeon)
 d - a +0 robe
 k - a +0 ring mail (worn)
   (You found it on level 1 of the Dungeon)
 p - a +0 helmet (worn)
   (You found it on level 2 of the Dungeon)
 s - a +0 pair of gloves (worn)
   (You found it on level 2 of the Dungeon)
Jewellery
 u - an uncursed ring of magical power
   (You found it on level 2 of the Dungeon)
 D - a cursed ring of teleportation (left hand)
   (You found it on level 3 of the Dungeon)
 P - a ring of poison resistance (right hand)
   (You found it on level 2 of the Dungeon)
Scrolls
 e - 3 scrolls of fear {unknown}
 i - 2 scrolls of magic mapping {unknown}
 j - 4 scrolls of fog
 t - 2 scrolls of teleportation {@r4}
 x - a scroll of immolation {!r}
 y - 2 scrolls of blinking {unknown}
 B - a scroll of enchant armour {unknown}
 I - a scroll of noise {unknown}
Potions
 c - 5 potions of curing {@q1}
 f - a potion of degeneration {unknown}
 g - 2 potions of resistance
 q - 3 potions of heal wounds {unknown}
 r - a potion of cancellation {unknown}
 w - a potion of attraction {unknown}
 z - 3 potions of magic {unknown}
 A - 5 potions of might {unknown}


   Skills:
 + Level 5.3 Fighting
 + Level 2.6 Short Blades
 + Level 2.6 Long Blades
 + Level 2.6 Axes
 + Level 2.6 Maces & Flails
 + Level 2.6 Polearms
 + Level 3.7 Staves
 + Level 2.6 Slings
 + Level 2.6 Bows
 + Level 7.1 Crossbows
 + Level 2.6 Throwing
 + Level 2.6 Armour
 + Level 5.3 Dodging
 + Level 2.6 Stealth
 + Level 3.7 Shields
 + Level 2.6 Unarmed Combat
 + Level 2.6 Spellcasting
 + Level 2.1 Conjurations
 + Level 2.1 Hexes
 + Level 2.1 Summonings
 + Level 2.1 Necromancy
 + Level 2.1 Translocations
 + Level 2.1 Transmutations
 + Level 2.1 Fire Magic
 + Level 2.1 Ice Magic
 + Level 2.1 Air Magic
 + Level 2.1 Earth Magic
 + Level 2.1 Poison Magic
 + Level 2.9 Invocations
 + Level 3.7 Evocations


You had 11 spell levels left.
You didn't know any spells.
Your spell library contained the following spells:

 Spells                   Type           Power        Failure   Level
 Animate Skeleton         Necr           #.....       19%         1
 Apportation              Tloc           #.....       19%         1
 Corona                   Hex            #......      19%         1
 Summon Small Mammal      Summ           #...         19%         1
 Confusing Touch          Hex            #.......     50%         3
 Gell's Gravitas          Tloc           #.........   50%         3
 Petrify                  Tmut/Erth      #.......     88%         4
 Metabolic Englaciation   Hex/Ice        #.........   99%         5
 Yara's Violent Unravell  Hex/Tmut       #.........   99%         5


Dungeon Overview and Level Annotations

Branches:
Dungeon (4/15)              Sewer (visited)
 Temple: D:4-7

Altars:
Gozag
Trog
The Shining One

Annotations:
D:3 Pikel


Innate Abilities, Weirdness & Mutations

Your experience applies equally to all skills.
You have very sharp teeth.
Your uncanny sense of smell can sniff out nearby items.


Message History

There is a stone staircase leading up here.
The orc priest closely misses you.
The orc wizard casts a spell.
The orc wizard flickers and vanishes!
Deactivating autopickup; reactivate with Ctrl-A.
Pikel zaps a wand.
You struggle to resist.
You climb upwards.
Reactivating autopickup.
There is a stone staircase leading down here.
Firing (i - inventory. (/) - cycle)
l - 4 bolts (quivered)
Aim: Pikel, wielding a +1 whip of flaming, wearing a +0 robe and carrying a wand of disintegration (11)
You shoot a bolt. The bolt hits Pikel.
The orc priest hits you with a +0 short sword.
Pikel says, "You'll feel the lick of my whip!"
Pikel hits you with a +1 whip of flaming.
Pikel burns you.
Firing (i - inventory. (/) - cycle)
l - 3 bolts (quivered)
Aim: Pikel, wielding a +1 whip of flaming, wearing a +0 robe and carrying a wand of disintegration (11) (lightly wounded)
You shoot a bolt. The bolt completely misses Pikel.
The orc priest mumbles some strange prayers to Beogh against you.
Beogh smites you!
* * * LOW HITPOINT WARNING * * *
Pikel hits you with a +1 whip of flaming.
* * * LOW HITPOINT WARNING * * *
Pikel burns you.
* * * LOW HITPOINT WARNING * * *
The orc priest misses you.
You hear the crackle of electricity.
n - a +0 whip of electrocution (weapon)
Pikel hits you with a +1 whip of flaming.
* * * LOW HITPOINT WARNING * * *
Pikel burns you.
* * * LOW HITPOINT WARNING * * *
You hit Pikel but do no damage. Lightning courses through Pikel!!
The orc priest hits you but does no damage.
Pikel barely misses you.
You closely miss Pikel. Your bite misses Pikel.
The orc priest hits you with a +0 short sword.
* * * LOW HITPOINT WARNING * * *
You closely miss Pikel.
Pikel hits you with a +1 whip of flaming!
* * * LOW HITPOINT WARNING * * *
Pikel burns you.
* * * LOW HITPOINT WARNING * * *
The orc priest hits you but does no damage.
You feel better.
Pikel zaps a wand.
You are blasted!
You die...

#)).########...÷...####.###..
##.####.........####...)......
#..#....######.## #.##≈≈≈≈≈##
####)##.#### #.# #.##≈≈≈≈≈##
........# ##.# #.≈≈.....≈≈
...#.####### ###..# ##.≈≈...÷.≈≈
##.........###...## #.........≈≈
##..#####<....#.#####..≈≈.....≈≈
###.## ##.#(..K@o..##..≈≈.≈...≈≈
#...# #..##.....#.....##≈≈≈≈≈##
#.### #.###.....#####.##≈≈≈≈≈##
..# ##.# #.....# #...≈......
.#######..# ###.### ######)###.
###......## #..# #...#.
#...###### ##.# ##.##. ..### #.#
#..##. .##
#####.###########.###.


You could see Pikel and an orc priest.

Vanquished Creatures
  Eustachio (D:4)
  2 bullfrogs (Sewer)
  A scorpion (D:4)
  A worker ant (D:4)
  8 gnolls
  4 river rats
  12 adders
  An ooze (D:1)
  3 worms
  5 dart slugs
  2 leopard geckos
  3 orcs
  4 bats
  2 giant cockroaches
  6 goblins
  3 hobgoblins
  3 jackals (D:1)
  10 kobolds
  2 quokkas (D:3)
  15 ball pythons
  5 frilled lizards
  32 rats
125 creatures vanquished.

Notes
Turn   | Place    | Note
-------+----------+-------------------------------------------
     0 | D:1      | Pooter the Gnoll Wanderer began the quest for the Orb.
     0 | D:1      | Pooter set off with the following items: a +2 hand
                  | crossbow, 2 potions of curing {@q1}, a +0 robe, 19 bolts
     0 | D:1      | Reached XP level 1. HP: 20/20 MP: 1/1
   249 | D:1      | Reached XP level 2. HP: 26/26 MP: 2/2
   482 | D:1      | Reached XP level 3. HP: 21/31 MP: 2/4
   989 | D:1      | Reached skill level 1 in Invocations
  1019 | D:1      | Reached skill level 1 in Short Blades
  1019 | D:1      | Reached skill level 1 in Long Blades
  1019 | D:1      | Reached skill level 1 in Axes
  1019 | D:1      | Reached skill level 1 in Maces & Flails
  1019 | D:1      | Reached skill level 1 in Polearms
  1019 | D:1      | Reached skill level 1 in Slings
  1019 | D:1      | Reached skill level 1 in Bows
  1019 | D:1      | Reached skill level 1 in Throwing
  1019 | D:1      | Reached skill level 1 in Armour
  1019 | D:1      | Reached skill level 1 in Stealth
  1019 | D:1      | Reached skill level 1 in Unarmed Combat
  1019 | D:1      | Reached skill level 1 in Spellcasting
  1019 | D:1      | Reached XP level 4. HP: 24/38 MP: 5/5
  1402 | D:2      | Reached skill level 1 in Conjurations
  1402 | D:2      | Reached skill level 1 in Hexes
  1402 | D:2      | Reached skill level 1 in Summonings
  1402 | D:2      | Reached skill level 1 in Necromancy
  1402 | D:2      | Reached skill level 1 in Translocations
  1402 | D:2      | Reached skill level 1 in Transmutations
  1402 | D:2      | Reached skill level 1 in Fire Magic
  1402 | D:2      | Reached skill level 1 in Ice Magic
  1402 | D:2      | Reached skill level 1 in Air Magic
  1402 | D:2      | Reached skill level 1 in Earth Magic
  1402 | D:2      | Reached skill level 1 in Poison Magic
  1686 | D:3      | Reached XP level 5. HP: 43/43 MP: 7/7
  1831 | D:3      | Found a glowing drain.
  1866 | Sewer    | Entered a sewer
  2073 | Sewer    | Reached XP level 6. HP: 50/50 MP: 8/8
  2292 | Sewer    | Reached skill level 5 in Fighting
  2292 | Sewer    | Reached skill level 5 in Dodging
  2358 | Sewer    | Reached XP level 7. HP: 7/56 MP: 10/10
  2771 | D:3      | Found a glowing golden altar of the Shining One.
  2773 | D:3      | Found a bloodstained altar of Trog.
  2775 | D:3      | Found an opulent altar of Gozag.
  3042 | D:4      | Reached skill level 7 in Crossbows
  3052 | D:4      | Noticed Eustachio
  3061 | D:4      | Killed Eustachio
  3147 | D:4      | Noticed Pikel
  3664 | D:3      | HP: 2/56 [Pikel/+1 whip of flaming (4)]
  3665 | D:3      | Blown up by Pikel

Illustrated notes

Levels and vault maps discovered:
D:1:      scummos_arrival_star, layout_basic, minmay_misc_feat_hallway,
          hangedman_decor_opposing, ebering_dispersal_statue_hall
D:2:      layout_rooms, chequers_serial_rivers_micro_e
D:3:      layout_rooms, grunt_temple_overflow_open,
          cheibrodos_sewer_entry_sluice
D:4:      layout_basic, minmay_temple_entry_enclosed_plants, minmay_puff,
          uniq_eustachio, uniq_pikel

Skill      XL: |  1  2  3  4  5  6  7 |
---------------+----------------------+-----
Invocations    | 1 2 |  2.9
Short Blades   | 1 2 |  2.6
Long Blades    | 1 2 |  2.6
Axes           | 1 2 |  2.6
Maces & Flails | 1 2 |  2.6
Polearms       | 1 2 |  2.6
Slings         | 1 2 |  2.6
Bows           | 1 2 |  2.6
Throwing       | 1 2 |  2.6
Armour         | 1 2 |  2.6
Stealth        | 1 2 |  2.6
Unarmed Combat | 1 2 |  2.6
Spellcasting   | 1 2 |  2.6
Conjurations   | 1 2 |  2.1
Hexes          | 1 2 |  2.1
Summonings     | 1 2 |  2.1
Necromancy     | 1 2 |  2.1
Translocations | 1 2 |  2.1
Transmutations | 1 2 |  2.1
Fire Magic     | 1 2 |  2.1
Ice Magic      | 1 2 |  2.1
Air Magic      | 1 2 |  2.1
Earth Magic    | 1 2 |  2.1
Poison Magic   | 1 2 |  2.1
Staves         | 3 |  3.7
Shields        | 3 |  3.7
Evocations     | 3 |  3.7
Fighting       | 5 |  5.3
Dodging        | 5 |  5.3
Crossbows      | 7 |  7.1

Action                   |  1- 3 |  4- 6 |  7- 9 || total
-------------------------+-------+-------+-------++-------
Melee: Dagger            |    15 |       |       ||    15
       Bite              |     5 |    12 |     8 ||    25
       Whip              |    19 |   125 |    70 ||   214
       Punch             |       |       |     3 ||     3
 Fire: Hand crossbow     |    25 |    70 |    18 ||   113
       Hunting sling     |       |    20 |     5 ||    25
Throw: Javelin           |     1 |     4 |     2 ||     7
  Use: Scroll            |       |     6 |     1 ||     7
       Potion            |       |       |     2 ||     2
Armor: Ring mail         |    11 |   112 |    49 ||   172
Dodge: Dodged            |    40 |   173 |    88 ||   301

Table legend: (Time is in decaauts)
 A = Elapsed time spent in this place.
 B = Non-inter-level travel time spent in this place.
 C = Inter-level travel time spent in this place.
 D = Time resting spent in this place.
 E = Time spent auto-exploring this place.
 F = Levels seen in this place.
 G = Mean time per level.
                   A        B        C        D        E       F      G
               +--------+--------+--------+--------+--------+-----+--------+
         Total |   3712 |   3643 |     69 |   1041 |   1031 |   5 |  742.4 |
       Dungeon |   2865 |   2796 |     69 |    610 |   1031 |   4 |  716.2 |
         Sewer |    847 |    847 |      0 |    431 |      0 |   1 |  847.0 |
               +--------+--------+--------+--------+--------+-----+--------+

Top non-repeatable levels by time:
     D:1: 1159 daAuts
   Sewer: 847 daAuts
     D:3: 662 daAuts
     D:4: 528 daAuts
     D:2: 515 daAuts
